[Event "ICC tourney 2040 (30 10)"]
[Site "Internet Chess Club"]
[Date "2020.10.04"]
[Round "3"]
[White "BBCC2020"]
[Black "conch"]
[Result "1/2-1/2"]
[ICCResult "Game drawn by repetition"]
[WhiteElo "2219"]
[BlackElo "2439"]
[Opening "Catalan: open, 5.Nf3"]
[ECO "E04"]
[NIC "CA.03"]
[Time "15:01:22"]
[TimeControl "1800+10"]

1. d4 Nf6 2. c4 e6 3. g3 d5 4. Nf3 dxc4 5. Bg2 a6 6. O-O Nc6 7. e3 Bd7 8.
Qe2 Bd6 9. Qxc4 O-O 10. Rd1 Qe7 11. Nbd2 Rad8 12. b3 e5 13. Bb2 Be6 14. Qc2
Bg4 15. dxe5 Nxe5 16. Re1 Nxf3+ 17. Nxf3 Nd7 18. a3 Bh5 19. b4 c5 20. bxc5
Nxc5 21. Qc3 f6 22. Nd4 Bg6 23. Red1 Kh8 24. a4 Ne4 25. Qb3 Rc8 26. Rac1
Rxc1 27. Rxc1 Nc5 28. Qd1 Nd3 29. Rc2 Be5 30. Rd2 Qb4 31. Ba1 Rc8 32. Rxd3
Bxd3 33. Qxd3 Rc1+ 34. Bf1 Rxa1 35. Nb3 Rxf1+ 36. Kxf1 Qe7 37. Qc4 Qd8 38.
Nc5 Qc8 39. Qd5 b5 40. axb5 axb5 41. Nd7 b4 42. Nxe5 fxe5 43. Qxe5 h6 44.
Qb5 Qc3 45. Qe8+ Kh7 46. Qe4+ Kh8 47. Qe8+ Kh7 48. Qe4+ Kh8 49. Qe8+
{Game drawn by repetition}
1/2-1/2

[Event "ICC tourney 2040 (30 10)"]
[Site "Internet Chess Club"]
[Date "2020.10.04"]
[Round "3"]
[White "WonderZ"]
[Black "Xuanli28"]
[Result "0-1"]
[ICCResult "White resigns"]
[WhiteElo "2085"]
[BlackElo "2260"]
[Opening "Trompowsky attack (Ruth, Opocenský opening)"]
[ECO "A45"]
[NIC "QP.07"]
[Time "15:01:20"]
[TimeControl "1800+10"]

1. d4 Nf6 2. Bg5 Ne4 3. Bf4 d5 4. e3 e6 5. Bd3 Nf6 6. Nf3 Bd6 7. Bg3 O-O 8.
O-O Nc6 9. c3 Re8 10. Ne5 Bxe5 11. dxe5 Nd7 12. f4 b6 13. Nd2 Bb7 14. Nf3
Ne7 15. Bh4 Qc8 16. Ng5 h6 17. Nf3 Nc5 18. Bc2 Nf5 19. Bf2 Ne4 20. g4 Ne7
21. Bg3 Ba6 22. Re1 c5 23. Kg2 Qc6 24. a4 Rad8 25. Qb1 Rd7 26. h3 Red8 27.
Bh4 Rf8 28. Bxe7 Rxe7 29. Kh2 Rd8 30. Nh4 Red7 31. Bd3 Bxd3 32. Qxd3 c4 33.
Qe2 Nc5 34. Nf3 Rb7 35. Nd4 Qd7 36. Qc2 a6 37. Rf1 Ne4 38. Qg2 Rf8 39. Kg1
Qe7 40. Rf3 Rd7 41. Kh1 Rc7 42. Rg1 Qh4 43. f5 Ng5 44. Rg3 Ra8 45. Nf3 Nxf3
46. Qxf3 Re8 47. f6 g6 48. g5 b5 49. Rg4 Qh5 50. R1g3 bxa4 51. Qg2 Rb7 52.
gxh6 Kh7 53. Rg5 Qd1+ 54. Kh2 Qe1 55. Rf3 Reb8 56. Rf2 Qxf2 57. Qxf2 Rxb2
58. Rg2 Rxf2 59. Rxf2 Rb3 60. Ra2 a3 61. Kg3 Rxc3 62. Kf4 Kxh6 63. h4 Rb3
64. e4 d4 65. h5 g5+ 66. Kg4 d3 67. Kf3 c3 68. Ke3 c2 69. Kd2 Rb1
{White resigns}
0-1

[Event "ICC tourney 2040 (30 10)"]
[Site "Internet Chess Club"]
[Date "2020.10.04"]
[Round "4"]
[White "Natey"]
[Black "ivo20"]
[Result "1-0"]
[ICCResult "Black resigns"]
[WhiteElo "1694"]
[BlackElo "1332"]
[Opening "St. George defense"]
[ECO "C01"]
[NIC "FR.01"]
[Time "17:01:41"]
[TimeControl "1800+10"]

1. e4 e6 2. d4 a6 3. Bd3 c5 4. c3 h6 5. Nf3 Qb6 6. O-O Be7 7. Qc2 Nc6 8. Be3
Nf6 9. Nbd2 Ng4 10. dxc5 Bxc5 11. Bxc5 Qxc5 12. Nb3 Qh5 13. h3 Nge5 14. Nxe5
Nxe5 15. Be2 Qg5 16. f4 Qf6 17. fxe5 Qxe5 18. Nd4 O-O 19. Kh1 d5 20. exd5
exd5 21. Bf3 f5 22. Rae1 Qd6 23. Qb3 Kh8 24. Qxd5 Qf6 25. Qe5 Qh4 26. Qe7
Qxe7 27. Rxe7 Rb8 28. Rfe1 b5 29. Re8 Bd7 30. Rxf8+ Rxf8 31. Re7 Bc8 32. Bb7
Bxb7 33. Rxb7 Kh7 34. Ra7 Rf6 35. Kg1 Kg6 36. Kf2 h5 37. Re7 h4 38. Re6 Kg5
39. Rxf6 Kxf6 40. Nc6 {Black resigns} 1-0

[Event "ICC tourney 2040 (30 10)"]
[Site "Internet Chess Club"]
[Date "2020.10.04"]
[Round "4"]
[White "CoolBoy2020"]
[Black "GutsyEdge"]
[Result "1/2-1/2"]
[ICCResult "Game drawn by mutual agreement"]
[WhiteElo "2161"]
[BlackElo "1969"]
[Opening "Sicilian: Kan, 5.Nc3"]
[ECO "B43"]
[NIC "SI.41"]
[Time "17:01:43"]
[TimeControl "1800+10"]

1. e4 c5 2. Nf3 e6 3. d4 cxd4 4. Nxd4 a6 5. Nc3 Qc7 6. Bd3 Nc6 7. Nxc6 dxc6
8. O-O e5 9. a4 Nf6 10. h3 Be7 11. Be3 Be6 12. Qe2 O-O 13. Bc4 Bxc4 14. Qxc4
Qa5 15. Qb3 Qb4 16. f3 Qxb3 17. cxb3 Nd7 18. Rfd1 Nc5 19. Bxc5 Bxc5+ 20. Kf1
Rfd8 21. Ke2 Kf8 22. Rxd8+ Rxd8 23. Rd1 Rxd1 24. Nxd1 Ke7 25. Kd3 g6 26. Kc4
Kd6 27. b4 b5+ 28. Kb3 Bd4 29. axb5 axb5 30. Kc2 Ke6 31. Kd3 Kd6 32. f4 f6
33. g4 h6 34. h4 g5 35. fxg5 fxg5 36. h5 Ke6 37. b3 Kd6 38. Kc2 Ke6 39. Kd3
Kd6 40. Kd2 Ke6 41. Ke2 Kd6 42. Kf3 Ke6 43. Ke2 Kd6 44. Kd3 Ke6 45. Kc2 Kd6
46. Nb2 Bxb2 47. Kxb2 Ke6 48. Kc3 Kd6 {Game drawn by mutual agreement}
1/2-1/2

[Event "ICC tourney 2040 (30 10)"]
[Site "Internet Chess Club"]
[Date "2020.10.04"]
[Round "4"]
[White "che2468"]
[Black "drberkley"]
[Result "0-1"]
[ICCResult "White checkmated"]
[WhiteElo "1387"]
[BlackElo "1919"]
[Opening "Mieses opening"]
[ECO "A00"]
[NIC "VO.13"]
[Time "17:01:44"]
[TimeControl "1800+10"]

1. d3 Nf6 2. Nc3 g6 3. e4 d6 4. Bg5 Bg7 5. Qd2 h6 6. Be3 Ng4 7. h4 Nxe3 8.
Qxe3 e5 9. h5 g5 10. g3 Nc6 11. f4 Nd4 12. O-O-O c6 13. Nh3 Bf6 14. f5 g4
15. Qf2 gxh3 16. Bxh3 Qb6 17. g4 Nb3+ 18. axb3 Qxf2 19. Rd2 Bg5 20. Rd1
Bxd2+ 21. Rxd2 Qe3 22. Bg2 Rg8 23. Nd1 Qf4 24. d4 Rxg4 25. dxe5 Rxg2 26. Kb1
Qxd2 27. Nc3 Rg1+ 28. Ka2 Qc1 29. b4 Qxc2 30. exd6 a5 31. b5 cxb5 32. d7+
Bxd7 33. e5 a4 34. Nxa4 Rxa4# {White checkmated} 0-1

[Event "ICC tourney 2040 (30 10)"]
[Site "Internet Chess Club"]
[Date "2020.10.04"]
[Round "4"]
[White "saathvikdasari"]
[Black "dopolian"]
[Result "0-1"]
[ICCResult "White resigns"]
[WhiteElo "1324"]
[BlackElo "2359"]
[Opening "Scotch game"]
[ECO "C45"]
[NIC "SO.04"]
[Time "17:01:37"]
[TimeControl "1800+10"]

1. e4 e5 2. Nf3 Nc6 3. d4 exd4 4. Nxd4 Bb4+ 5. c3 Bc5 6. Be3 Bb6 7. Bd3 Nf6
8. O-O O-O 9. Na3 d5 10. exd5 Nxd4 11. cxd4 Nxd5 12. Nc4 Be6 13. Nxb6 axb6
14. Qh5 Nf6 15. Qf3 Bd5 16. Qg3 Rxa2 17. Rxa2 Bxa2 18. Bh6 Ne8 19. Re1 Qxd4
20. Bd2 Qd6 21. Bf4 Qb4 22. Re2 Nd6 23. Bd2 Qxb2 24. Bc3 Qc1+ 25. Re1 Qh6
26. Re5 Re8 27. Rh5 Re1+ 28. Bf1 Rxf1+ 29. Kxf1 Bc4+ {White resigns} 0-1

[Event "ICC tourney 2040 (30 10)"]
[Site "Internet Chess Club"]
[Date "2020.10.04"]
[Round "4"]
[White "KnightHopper"]
[Black "largecrab"]
[Result "1/2-1/2"]
[ICCResult "Game drawn by repetition"]
[WhiteElo "2048"]
[BlackElo "2132"]
[Opening "Sicilian: Smith-Morra gambit"]
[ECO "B21"]
[NIC "SI.48"]
[Time "17:01:45"]
[TimeControl "1800+10"]

1. e4 c5 2. d4 cxd4 3. c3 d5 4. exd5 Nf6 5. Qa4+ Nbd7 6. Qxd4 g6 7. Nf3 Bg7
8. Be2 O-O 9. Qd1 Nb6 10. c4 Bg4 11. Nbd2 Rc8 12. Qb3 Qc7 13. O-O Nfd7 14.
h3 Bxf3 15. Qxf3 Ne5 16. Qb3 Nexc4 17. Nxc4 Nxc4 18. Bxc4 Qxc4 19. Qxb7 Rc7
20. Qb3 Qxb3 21. axb3 Rfc8 22. Bf4 Rb7 23. Rac1 Rd8 24. Rfd1 Bxb2 25. Rc7
Rxc7 26. Bxc7 Rc8 27. d6 exd6 28. Bxd6 Rd8 29. Rd2 Be5 30. Bb4 Rb8 31. Bd6
Bxd6 32. Rxd6 Rxb3 33. Rd8+ Kg7 34. Ra8 Ra3 35. Kf1 a5 36. Ke2 Ra2+ 37. Kf3
a4 38. Kg3 a3 39. f3 Ra1 40. Ra7 Kf6 41. Kh2 h5 42. Kg3 a2 43. Ra6+ Kf5 44.
Ra5+ Ke6 45. Ra6+ Ke5 46. Ra7 g5 47. Ra5+ Kf6 48. Ra6+ Kg7 49. Ra5 Kg6 50.
Ra6+ f6 51. Ra5 h4+ 52. Kh2 Kf7 53. Ra7+ Ke6 54. Ra6+ Ke5 55. Ra5+ Kf4 56.
Ra4+ Ke3 57. Ra3+ Kf2 58. Ra6 f5 59. Ra5 Ke3 60. Ra3+ Kd2 61. Ra8 Ke1 62.
Re8+ Kf1 63. Ra8 Kf2 64. Ra7 Ke2 65. Ra8 Kd3 66. Ra7 Kc4 67. Ra8 Kb3 68.
Rb8+ Kc2 69. Ra8 Kb2 70. Rb8+ Ka3 71. Ra8+ Kb3 72. Rb8+ Kc2 73. Ra8 Kd2 74.
Ra7 Ke1 75. Ra8 Kf2 76. Ra7 Ke3 77. Ra3+ Kd4 78. Ra4+ Ke5 79. Ra5+ Kf6 80.
Ra6+ Kg7 81. Ra7+ Kg6 82. Ra6+ Kh5 83. Ra5 Kh6 84. Ra6+ Kg7 85. Ra7+ Kg6 86.
Ra8 Kh6 87. Ra6+ Kg7 88. Ra7+ Kf6 89. Ra6+ Ke5 90. Ra5+ Kf4 91. Ra4+ Ke3 92.
Ra3+ {Game drawn by repetition} 1/2-1/2

[Event "ICC tourney 2040 (30 10)"]
[Site "Internet Chess Club"]
[Date "2020.10.04"]
[Round "4"]
[White "Ryan123455"]
[Black "Chessking2008"]
[Result "0-1"]
[ICCResult "White checkmated"]
[WhiteElo "1653"]
[BlackElo "2178"]
[Opening "Sicilian: dragon, Yugoslav attack, 10.O-O-O"]
[ECO "B78"]
[NIC "SI.18"]
[Time "17:01:46"]
[TimeControl "1800+10"]

1. e4 c5 2. Nf3 d6 3. d4 cxd4 4. Nxd4 Nf6 5. Nc3 g6 6. Be3 Bg7 7. f3 O-O 8.
Qd2 Nc6 9. Bc4 Bd7 10. O-O-O Ne5 11. Bb3 Rc8 12. Kb1 Nc4 13. Bxc4 Rxc4 14.
g4 b5 15. b3 b4 16. bxc4 bxc3 17. Qxc3 Qc7 18. Kc1 Rc8 19. Kd2 Bxg4 20. Kc1
Bh5 21. Rdf1 a6 22. Qd3 Nd7 23. Nb3 Ne5 24. Qe2 Nxc4 25. Bd4 Bxd4 26. Nxd4
Qc5 27. Qd3 Qg5+ 28. f4 Qa5 29. f5 Qxa2 30. Qc3 Rb8 31. Nb3 Qa3+ 32. Kb1 Na5
33. Qc7 Qb4 34. f6 Nxb3 35. cxb3 Qxb3+ 36. Kc1 Qb2# {White checkmated} 0-1

[Event "ICC tourney 2040 (30 10)"]
[Site "Internet Chess Club"]
[Date "2020.10.04"]
[Round "4"]
[White "Xuanli28"]
[Black "BBCC2020"]
[Result "1/2-1/2"]
[ICCResult "Game drawn by mutual agreement"]
[WhiteElo "2252"]
[BlackElo "2210"]
[Opening "Sicilian: Canal-Sokolsky attack, Bronstein gambit"]
[ECO "B52"]
[NIC "SI.01"]
[Time "17:01:39"]
[TimeControl "1800+10"]

1. e4 c5 2. Nf3 d6 3. Bb5+ Bd7 4. Bxd7+ Qxd7 5. O-O Nc6 6. c3 Nf6 7. d4 Nxe4
8. d5 Ne5 9. Nxe5 dxe5 10. Re1 Nf6 11. Rxe5 e6 12. c4 O-O-O 13. Nc3 Bd6 14.
Re1 exd5 15. cxd5 Qf5 16. Be3 Rhe8 17. Qb3 Ng4 18. h3 Nxe3 19. Rxe3 Rxe3 20.
fxe3 Qe5 21. Ne2 Re8 22. Kf2 {Game drawn by mutual agreement} 1/2-1/2

[Event "ICC tourney 2040 (30 10)"]
[Site "Internet Chess Club"]
[Date "2020.10.04"]
[Round "4"]
[White "che8642"]
[Black "prkukuku"]
[Result "1-0"]
[ICCResult "Black checkmated"]
[WhiteElo "1527"]
[BlackElo "1229"]
[Opening "Queen's pawn: Chigorin variation"]
[ECO "D00"]
[NIC "QP.08"]
[Time "17:01:54"]
[TimeControl "1800+10"]

1. d4 d5 2. Nc3 Nf6 3. Bf4 Bf5 4. f3 Na6 5. g4 Bg6 6. h4 h6 7. e3 Nb4 8. Rc1
a6 9. a3 Nc6 10. Bd3 Bxd3 11. Qxd3 e6 12. Nge2 Bd6 13. Kf2 e5 14. dxe5 Nxe5
15. Qd4 c5 16. Qd1 Nc4 17. Nxd5 Bxf4 18. Nexf4 Nxd5 19. Qxd5 Qxd5 20. Nxd5
Rd8 21. e4 Nxb2 22. Rb1 Nc4 23. Rxb7 Nxa3 24. c3 Nb5 25. Ra1 O-O 26. Rxa6
Nd6 27. Rc7 f5 28. Ne7+ Kh8 29. Ng6+ Kg8 30. Nxf8 Kxf8 31. exf5 Nb5 32. Rxc5
Rb8 33. Rac6 Na7 34. Rc7 Nb5 35. Rc8+ Rxc8 36. Rxc8+ Kf7 37. c4 Nd6 38. Rc7+
Kf6 39. c5 Nb5 40. Rc8 g5 41. fxg6 Kxg6 42. c6 Nd6 43. Ra8 h5 44. c7 hxg4
45. fxg4 Kf6 46. c8=Q Nxc8 47. Rb8 Nd6 48. Rb6 Ke7 49. Rxd6 Kxd6 50. Kf3 Ke6
51. Kf4 Kf6 52. g5+ Kg6 53. Kg4 Kf7 54. Kf5 Kg7 55. h5 Kf7 56. g6+ Kg7 57.
Kg5 Kg8 58. Kf6 Kf8 59. g7+ Kg8 60. h6 Kh7 61. Kf7 Kxh6 62. g8=Q Kh5 63. Kf6
Kh4 64. Kf5 Kh3 65. Kf4 Kh2 66. Kf3 Kh1 67. Qg2# {Black checkmated} 1-0

[Event "ICC tourney 2040 (30 10)"]
[Site "Internet Chess Club"]
[Date "2020.10.04"]
[Round "4"]
[White "icyblizzard"]
[Black "chesslin"]
[Result "1-0"]
[ICCResult "Black forfeits on time"]
[WhiteElo "2061"]
[BlackElo "1868"]
[Opening "Pirc: classical system, 5.Be2"]
[ECO "B06"]
[NIC "PU.03"]
[Time "17:02:33"]
[TimeControl "1800+10"]

1. e4 g6 2. d4 Bg7 3. Nf3 d6 4. Be2 Nf6 5. Nc3 O-O 6. h3 a6 7. a4 Nc6 8. Be3
e5 9. O-O b6 10. Qd2 exd4 11. Nxd4 Bd7 12. f4 Qe8 13. Bf3 Nb4 14. e5 dxe5
15. fxe5 Qxe5 16. Bxa8 Rxa8 17. Rae1 Qh5 18. Nde2 Bc6 19. Nf4 Qa5 20. Qf2
Rf8 21. Bd4 Bb7 22. Nfe2 Nh5 23. Bxg7 Nxg7 24. Nd4 Nd5 25. Nb3 Qb4 26. Re4
Qd6 27. Nxd5 Qxd5 28. Rd4 Qg5 29. Rd7 {Black forfeits on time} 1-0

[Event "ICC tourney 2040 (30 10)"]
[Site "Internet Chess Club"]
[Date "2020.10.04"]
[Round "4"]
[White "Danifrani"]
[Black "BreatheChessAls"]
[Result "1-0"]
[ICCResult "Black resigns"]
[WhiteElo "2055"]
[BlackElo "1910"]
[Opening "Sicilian: Labourdonnais-Löwenthal (Kalashnikov) variation"]
[ECO "B32"]
[NIC "SI.32"]
[Time "17:01:55"]
[TimeControl "1800+10"]

1. e4 c5 2. Nf3 Nc6 3. d4 cxd4 4. Nxd4 e5 5. Nb5 d6 6. N1c3 a6 7. Na3 Be7 8.
Nd5 Nf6 9. Nxe7 Qxe7 10. Bg5 O-O 11. Nc4 b5 12. Ne3 Qe6 13. Bxf6 Qxf6 14.
Nd5 Qg6 15. f3 Kh8 16. Qd2 Be6 17. Nc7 Ra7 18. Qxd6 Rc8 19. Nxe6 fxe6 20.
O-O-O Raa8 21. g3 Nd4 22. Bd3 Nxf3 23. Kb1 Qh6 24. c3 Rd8 25. Qb6 Nd2+ 26.
Kc2 Rxd3 27. Kxd3 Nc4 28. Qf2 Rd8+ 29. Ke2 Rd2+ 30. Rxd2 Qxd2+ 31. Kf3 Qd3+
32. Kg2 Qxe4+ 33. Kh3 h5 34. Re1 Qg4+ 35. Kg2 h4 36. b3 h3+ 37. Kg1 Na3 38.
Qf8+ Kh7 39. Qxa3 Qf3 40. Qb2 g5 41. Qe2 Qf7 42. Qxe5 Qa7+ 43. Qe3
{Black resigns}
1-0

[Event "ICC tourney 2040 (30 10)"]
[Site "Internet Chess Club"]
[Date "2020.10.04"]
[Round "4"]
[White "VincentT2008"]
[Black "wahoo"]
[Result "1-0"]
[ICCResult "Black checkmated"]
[WhiteElo "1817"]
[BlackElo "1751"]
[Opening "QGD: exchange, positional line"]
[ECO "D35"]
[NIC "QO.16"]
[Time "17:01:45"]
[TimeControl "1800+10"]

1. d4 d5 2. c4 e6 3. Nc3 Nf6 4. cxd5 exd5 5. Bg5 Be7 6. e3 c6 7. Bd3 h6 8.
Bh4 Bg4 9. f3 Be6 10. Nge2 O-O 11. O-O c5 12. Rc1 Nc6 13. Bb1 cxd4 14. Nxd4
Nxd4 15. Qxd4 Rc8 16. Rfd1 Rc4 17. Qxc4 dxc4 18. Rxd8 Rxd8 19. Ne4 g5 20.
Be1 Nxe4 21. Bxe4 b5 22. Ba5 Rb8 23. a3 Bf6 24. Rc2 Bd8 25. Bc3 Bb6 26. Bd4
Bxd4 27. exd4 Rd8 28. Rd2 Bd5 29. Kf2 Kg7 30. Ke3 Re8 31. g4 Kf6 32. Re2 Ke6
33. Kd2 Kd6 34. Kc3 a5 35. Re1 Bc6 36. Re2 Bd7 37. h4 f5 38. gxf5 Bxf5 39.
hxg5 hxg5 40. a4 g4 41. axb5 Bxe4 42. fxe4 g3 43. Kxc4 Rc8+ 44. Kd3 Rb8 45.
Kc4 Rc8+ 46. Kb3 Kc7 47. Rg2 Rg8 48. e5 Kb6 49. Kc4 Rc8+ 50. Kd5 Rg8 51. e6
Kxb5 52. e7 a4 53. Rxg3 Rh8 54. Kd6 Kc4 55. Kd7 Kxd4 56. e8=Q Rh7+ 57. Kc6
Rh6+ 58. Rg6 Rh2 59. Rg4+ Kd3 60. Qe4+ Kd2 61. Qf4+ Kc2 62. Qxh2+ Kb3 63.
Qh3+ Ka2 64. Rg1 Kxb2 65. Rg2+ Ka1 66. Qh1# {Black checkmated} 1-0

[Event "ICC tourney 2040 (30 10)"]
[Site "Internet Chess Club"]
[Date "2020.10.04"]
[Round "4"]
[White "IAlwaysWin"]
[Black "e4f5"]
[Result "1-0"]
[ICCResult "Black resigns"]
[WhiteElo "2142"]
[BlackElo "2183"]
[Opening "Nimzovich-Larsen attack: Indian variation"]
[ECO "A01"]
[NIC "VO.08"]
[Time "17:02:33"]
[TimeControl "1800+10"]

1. b3 Nf6 2. Bb2 g6 3. e3 Bg7 4. c4 O-O 5. Nf3 d6 6. d4 e5 7. dxe5 dxe5 8.
Qxd8 Rxd8 9. Bxe5 Nc6 10. Bb2 Nb4 11. Na3 Ne4 12. Bxg7 Kxg7 13. Be2 Nc3 14.
Nd4 c5 15. Ndc2 Ncxa2 16. Nxb4 Nxb4 17. Bf3 Rb8 18. Ke2 Bf5 19. Rhd1 b6 20.
Rxd8 Rxd8 21. Rd1 Rxd1 22. Kxd1 Nd3 23. Nb5 Nxf2+ 24. Ke2 Ne4 25. g4 a6 26.
gxf5 axb5 27. Bxe4 bxc4 28. bxc4 Kf6 29. fxg6 hxg6 30. Bd5 Ke7 31. Kd3 f5
32. e4 Kd6 33. exf5 gxf5 34. Bf3 Ke5 35. h4 Kf6 36. Ke3 Ke5 37. h5 f4+ 38.
Kd3 Kf5 39. h6 Kg6 40. Ke4 Kxh6 41. Kxf4 Kg6 42. Ke5 Kg5 43. Kd5 Kf4 44. Kc6
Ke5 45. Kxb6 Kd4 46. Bd5 {Black resigns} 1-0

[Event "ICC tourney 2040 (30 10)"]
[Site "Internet Chess Club"]
[Date "2020.10.04"]
[Round "4"]
[White "jy2020"]
[Black "tcao"]
[Result "0-1"]
[ICCResult "White resigns"]
[WhiteElo "2199"]
[BlackElo "2083"]
[Opening "French: Steinitz, Boleslavsky variation"]
[ECO "C11"]
[NIC "FR.04"]
[Time "17:01:43"]
[TimeControl "1800+10"]

1. e4 e6 2. d4 d5 3. Nc3 Nf6 4. e5 Nfd7 5. f4 c5 6. Nf3 Nc6 7. Be3 Qb6 8.
Na4 Qa5+ 9. c3 cxd4 10. b4 Nxb4 11. cxb4 Bxb4+ 12. Bd2 Bxd2+ 13. Nxd2 O-O
14. Be2 d3 15. Bxd3 Qb4 16. Qc2 Qxf4 17. Bxh7+ Kh8 18. Bd3 Qxe5+ 19. Kf2 Nf6
20. h3 Qd4+ 21. Ke2 Nh5 22. Nf3 Ng3+ 23. Kd2 Qf4+ 24. Kc3 Nxh1 25. Rxh1 Bd7
26. Nc5 Rac8 27. Kb2 b6 28. Qe2 bxc5 29. Bc2 Rb8+ 30. Ka1 Qf6+ 31. Ne5 g6
32. Rf1 Qg7 33. Rf4 Kg8 34. h4 Rb7 35. h5 gxh5 36. Qxh5 Rb4 37. Rxb4 cxb4
38. Kb1 Bb5 39. Ng4 Rc8 40. Nf6+ Qxf6 41. Qh7+ Kf8 {White resigns} 0-1

[Event "ICC tourney 2040 (30 10)"]
[Site "Internet Chess Club"]
[Date "2020.10.04"]
[Round "4"]
[White "Mrpeetapizza"]
[Black "RisingRook"]
[Result "0-1"]
[ICCResult "White checkmated"]
[WhiteElo "1847"]
[BlackElo "1969"]
[Opening "Sicilian: Taimanov variation"]
[ECO "B49"]
[NIC "SI.40"]
[Time "17:02:02"]
[TimeControl "1800+10"]

1. e4 c5 2. Nf3 e6 3. d4 cxd4 4. Nxd4 Nc6 5. Nc3 Qc7 6. Be3 a6 7. Be2 Nf6 8.
a3 Be7 9. O-O O-O 10. Qd2 Ne5 11. Bf4 d6 12. Rad1 Nc4 13. Bxc4 Qxc4 14. b3
Qc7 15. Nde2 Rd8 16. Bg3 Nh5 17. Qe3 Nxg3 18. Qxg3 b5 19. Nf4 Qc5 20. b4 Qe5
21. Rfe1 Bb7 22. Rd3 Rac8 23. Nfe2 Qxg3 24. Nxg3 Rc4 25. Red1 Rdc8 26. Nge2
Bxe4 27. Nxe4 Rxe4 28. Nd4 Bf6 29. f3 Rxd4 30. Rxd4 Bxd4+ 31. Rxd4 d5 32.
Rd2 Rc3 33. a4 bxa4 34. Rd1 Kf8 35. Ra1 a3 36. Ra2 Ke7 37. Kf2 Kd6 38. Ke2
d4 39. Kd2 Kc6 40. Ra1 Kb5 41. Rb1 a2 42. Ra1 Kxb4 43. Rxa2 a5 44. Rb2+ Kc5
45. Rb7 f5 46. Rxg7 a4 47. Rxh7 Kb6 48. Rh8 Kb7 49. Rh7+ Rc7 50. Rxc7+ Kxc7
51. c3 dxc3+ 52. Kxc3 e5 53. h4 Kd7 54. g4 fxg4 55. fxg4 e4 56. Kd4 a3 57.
Kxe4 a2 58. Kf5 a1=Q 59. h5 Qf1+ 60. Kg6 Ke7 61. g5 Qf4 62. h6 Qf7#
{White checkmated}
0-1

[Event "ICC tourney 2040 (30 10)"]
[Site "Internet Chess Club"]
[Date "2020.10.04"]
[Round "4"]
[White "Leolix"]
[Black "SuperPuzzler"]
[Result "1-0"]
[ICCResult "Black checkmated"]
[WhiteElo "1964"]
[BlackElo "1952"]
[Opening "Queen's pawn: London system"]
[ECO "A45"]
[NIC "QP.07"]
[Time "17:01:40"]
[TimeControl "1800+10"]

1. d4 Nf6 2. Bf4 g6 3. Nc3 d5 4. e3 Bg7 5. h4 O-O 6. h5 c5 7. hxg6 fxg6 8.
Nf3 Nc6 9. Be2 Bf5 10. Ne5 cxd4 11. exd4 Qb6 12. Nxc6 bxc6 13. Na4 Qa5+ 14.
c3 Nd7 15. b4 Qd8 16. Qd2 a5 17. Bh6 Rf7 18. Bxg7 Rxg7 19. b5 cxb5 20. Bxb5
Rc8 21. Bxd7 Qxd7 22. Nc5 Qc6 23. O-O Kh8 24. Rfe1 Qd6 25. Re2 e5 26. Rxe5
Re7 27. Rxe7 Qxe7 28. Re1 Qf6 29. Qf4 Rf8 30. Qe5 Be4 31. Qxf6+ Rxf6 32.
Nxe4 dxe4 33. Rxe4 Rc6 34. Re3 Kg7 35. d5 Rc5 36. Rd3 Kf7 37. Kf1 Ke7 38.
d6+ Kd7 39. Ke2 h5 40. Kf3 Rc4 41. Ke3 Rc5 42. g3 g5 43. Kd4 Kxd6 44. c4 Kc6
45. Rf3 Kd6 46. Rf6+ Ke7 47. Kxc5 Kxf6 48. Kd4 Ke6 49. Ke4 Kd6 50. Kf5 h4
51. gxh4 gxh4 52. Kg4 Kc5 53. Kxh4 Kxc4 54. f4 Kd5 55. Kg5 Ke6 56. Kg6 Ke7
57. f5 Kf8 58. Kf6 a4 59. a3 Ke8 60. Kg7 Ke7 61. f6+ Kd6 62. f7 Kc5 63.
f8=Q+ Kc4 64. Qb4+ Kd3 65. Qxa4 Kc3 66. Kf6 Kd3 67. Ke5 Kc3 68. Qb4+ Kd3 69.
Qb3+ Kd2 70. Kd4 Ke2 71. Qg3 Kf1 72. Qh2 Ke1 73. Ke3 Kd1 74. Qd2#
{Black checkmated}
1-0

[Event "ICC tourney 2040 (30 10)"]
[Site "Internet Chess Club"]
[Date "2020.10.04"]
[Round "4"]
[White "aquilesboy"]
[Black "PawnEatingZombi"]
[Result "0-1"]
[ICCResult "White resigns"]
[WhiteElo "1906"]
[BlackElo "2226"]
[Opening "Réti opening"]
[ECO "A06"]
[NIC "QP.09"]
[Time "17:01:39"]
[TimeControl "1800+10"]

1. Nf3 d5 2. e3 e6 3. c4 Nf6 4. b3 Bd6 5. Bb2 b6 6. d4 Bb7 7. Be2 Nbd7 8.
O-O O-O 9. Nc3 a6 10. Rc1 Qe7 11. h3 Rac8 12. Re1 Rfd8 13. Qc2 dxc4 14. bxc4
c5 15. Bd3 g6 16. Ne4 Nxe4 17. Bxe4 Bxe4 18. Qxe4 Nf6 19. Qh4 Nh5 20. Qxe7
Bxe7 21. Red1 Bf6 22. g4 Ng7 23. Ne5 Bxe5 24. dxe5 Ne8 25. Kf1 Kf8 26. Ke2
Ke7 27. e4 Rxd1 28. Rxd1 b5 29. Rc1 b4 30. Rd1 Rd8 31. Rxd8 Kxd8 32. Bc1 Kd7
33. Be3 Kc6 34. f4 a5 35. Kd3 a4 36. Bc1 Nc7 37. Bb2 Na8 38. Bc1 Nb6 39. a3
Nd7 40. Bb2 Kb6 41. Bc1 Nb8 42. h4 Nc6 43. h5 Na5 44. hxg6 hxg6 45. Bb2 Nb3
46. Ke3 Kc6 47. g5 Nd4 48. axb4 Nc2+ 49. Kd2 Nxb4 50. Ba3 Kb6 51. Bc1 Nc6
52. Kc3 Nd4 53. Kd3 Nf3 54. Ba3 Nd4 55. Bb2 Nc6 56. Ba3 Nb4+ 57. Kc3 Ka5 58.
Bc1 Na2+ 59. Kb2 Nxc1 60. Kxc1 Kb4 61. Kb2 Kxc4 62. Ka3 Kd3 63. Kxa4 c4
{White resigns}
0-1

[Event "ICC tourney 2040 (30 10)"]
[Site "Internet Chess Club"]
[Date "2020.10.04"]
[Round "4"]
[White "challenger2010"]
[Black "speedyplot"]
[Result "1/2-1/2"]
[ICCResult "Game drawn by repetition"]
[WhiteElo "2131"]
[BlackElo "1799"]
[Opening "Neo-Grünfeld, 6.O-O, main line"]
[ECO "A07"]
[NIC "QP.09"]
[Time "17:01:37"]
[TimeControl "1800+10"]

1. Nf3 d5 2. g3 Nf6 3. Bg2 g6 4. O-O Bg7 5. c4 c6 6. cxd5 cxd5 7. d4 O-O 8.
Nc3 Bf5 9. Ne5 Nc6 10. Nxc6 bxc6 11. Bg5 h6 12. Bxf6 Bxf6 13. Qd2 h5 14.
Rac1 Rb8 15. Na4 Qd6 16. e3 Rfc8 17. b3 h4 18. Rc5 hxg3 19. hxg3 Kg7 20.
Rfc1 Bd7 21. Ra5 Rc7 22. Nc5 Rh8 23. Nxd7 Qxd7 24. Qc2 Rhc8 25. Rc5 e6 26.
Qb2 Rb8 27. a3 Rb5 28. b4 Be7 29. Rxb5 cxb5 30. Rf1 Bf6 31. Bf3 Qc8 32. Kg2
Rc2 33. Qb1 Bg5 34. Re1 Qc3 35. Kg1 Rb2 36. Qd1 Qxa3 37. Qc1 Qxb4 38. Rf1 a5
39. Qc7 a4 40. Bg4 Qe7 41. Qb8 a3 42. Qa8 b4 43. Qa4 b3 44. Bd1 Bxe3 45.
fxe3 Qg5 46. Rf3 Rb1 47. Qd7 Rxd1+ 48. Kf2 Qf5 49. Rxf5 gxf5 50. Qe7 b2 51.
Qg5+ Kh7 52. Qh5+ Kg8 53. Qg5+ Kf8 54. Qd8+ Kg7 55. Qg5+ Kh7 56. Qh5+ Kg7
57. Qg5+ Kf8 58. Qd8+ Kg7 59. Qg5+ Kf8 60. Qd8+ Kg7 61. Qg5+ Kf8 62. Qd8+
Kg7 63. Qg5+ Kf8 64. Qd8+ Kg7 65. Qg5+ Kf8 66. Qd8+ Kg7 67. Qg5+ Kf8 68.
Qd8+ Kg7 69. Qg5+ Kf8 70. Qd8+ Kg7 71. Qg5+ Kf8 72. Qd8+ Kg7 73. Qg5+ Kf8
74. Qd8+ Kg7 75. Qg5+ Kf8 76. Qd8+ Kg7 77. Qg5+ Kf8 78. Qd8+ Kg7 79. Qg5+
Kf8 80. Qd8+ Kg7 81. Qg5+ Kf8 82. Qd8+ Kg7 83. Qg5+ Kf8
{Game drawn by repetition}
1/2-1/2

[Event "ICC tourney 2040 (30 10)"]
[Site "Internet Chess Club"]
[Date "2020.10.04"]
[Round "4"]
[White "davika21"]
[Black "WonderZ"]
[Result "1/2-1/2"]
[ICCResult "Game drawn by mutual agreement"]
[WhiteElo "1910"]
[BlackElo "2089"]
[Opening "Sicilian: Alapin's variation (2.c3)"]
[ECO "B22"]
[NIC "SI.46"]
[Time "17:01:40"]
[TimeControl "1800+10"]

1. e4 c5 2. c3 e6 3. d4 d5 4. exd5 exd5 5. Nf3 a6 6. h3 Nc6 7. Bd3 c4 8. Bc2
Bd6 9. O-O Nge7 10. Re1 O-O 11. Nbd2 Bf5 12. Nf1 Qd7 13. Ne3 Bxc2 14. Qxc2
Rfe8 15. Bd2 Bc7 16. Ng5 Ng6 17. Nf5 h6 18. Nf3 Nf4 19. Bxf4 Bxf4 20. g3 Bc7
21. Kg2 b5 22. Ne3 a5 23. Qf5 Qxf5 24. Nxf5 b4 25. Re3 Re6 26. Rae1 Rae8 27.
Rxe6 Rxe6 28. Rxe6 fxe6 29. Ne3 bxc3 30. bxc3 a4 31. Ng1 Kf7 32. f4 Ba5 33.
Ne2 Ne7 34. Kf3 Nf5 35. g4 Nxe3 36. Kxe3 g6 37. Kf3 Ke7 38. Ke3 Kd6 39. Kf3
Bd8 40. Kg3 Kc6 41. Kf3 Kb5 42. Ke3 Kc6 43. Kf3 Kd7 44. Kg3 Ke8 45. h4 h5
46. g5 Kd7 47. Kf3 Ba5 48. Ke3 {Game drawn by mutual agreement} 1/2-1/2